 Dungeon Crawl Stone Soup version 0.31.0-32-g396128a36d (webtiles) character file.

Game seed: 11884366785221003624

1488 Peloso the Carver (level 8, -4/105 HPs)
             Began as a Minotaur Fighter on Apr 16, 2024.
             Was a Follower of Okawaru.
             Slain by a killer bee (7 damage)
             ... on level 6 of the Dungeon.
             The game lasted 00:10:27 (4989 turns).

Peloso the Carver (Minotaur Fighter)                Turns: 4989, Time: 00:10:29

Health: -4/105     AC: 24    Str: 22    XL:     8   Next: 51%
Magic:  7/7        EV:  2    Int:  5    God:    Okawaru [*.....]
Gold:   236        SH:  5    Dex: 11    Spells: 7/7 levels left

rFire   . . .        a - +0 long sword
rCold   . . .        d - +0 buckler
rNeg    . . .        i - melded +0 chain mail
rPois   +            (helmet currently unavailable)
rElec   .            c - melded +0 cloak
rCorr   .            q - melded +0 pair of gloves
SInv    .            f - melded +2 pair of boots
Will    +....        (no amulet)
Stlth   +            (no ring)
HPRegen 0.37/turn    (no ring)
MPRegen 0.10/turn

%: no passive effects
@: brilliant, lethally poisoned (-4 -> -13), tree-form, enlightened
A: stationary, stasis, torment immunity, boosted hp, (horns 2), (retaliatory
headbutt)
a: Renounce Religion, Heroism


You were on level 6 of the Dungeon.
You worshipped Okawaru.
Okawaru was aware of your devotion.
You were a tree.
You visited 1 branch of the dungeon, and saw 6 of its levels.
You also visited: Ossuary.

You collected 236 gold pieces.

Inventory:

Hand Weapons
 a - a +0 long sword (weapon)
Missiles
 n - 4 throwing nets (quivered)
Armour
 b - a +0 scale mail
 c - a +0 cloak (melded)
 d - a +0 buckler (worn)
 f - a +2 pair of boots (melded)
 i - a +0 chain mail (melded)
 q - a +0 pair of gloves (melded)
Talismans
 g - a storm talisman
Wands
 v - a wand of iceblast (10)
Scrolls
 h - a scroll of acquirement
 j - a scroll of blinking
 k - a scroll of fog {unknown}
 l - a scroll of torment {unknown}
 m - 2 scrolls of teleportation {unknown}
 o - 2 scrolls of poison
 p - a scroll of brand weapon {unknown}
 r - a scroll of enchant armour {unknown}
 w - a scroll of revelation {unknown}
Potions
 e - a potion of ambrosia
 t - 2 potions of lignification
 x - a potion of attraction {unknown}


   Skills:
 + Level 5.9 Fighting
 + Level 8.4 Long Blades
 + Level 7.1 Armour
 + Level 3.2 Dodging
 + Level 1.1 Stealth
 + Level 5.5 Shields


You had 7 spell levels left.
You didn't know any spells.
Your spell library contained the following spells:

 Spells                   Type           Power      Damage    Failure   Level
 Apportation              Tloc           0%         N/A       54%         1
 Necrotise                Necr           0%         1d4       54%         1
 Sting                    Conj/Alch      0%         1d3       54%         1
 Jinxbite                 Hex            0%         N/A       67%         2
 Dazzling Flash           Conj/Hex       0%         N/A       88%         3
 Frozen Ramparts          Ice            0%         1d1       88%         3
 Mephitic Cloud           Conj/Alch/Air  0%         N/A       88%         3
 Volatile Blastmotes      Fire/Tloc      0%         2d10      88%         3
 Leda's Liquefaction      Alch/Erth      0%         N/A       99%         4
 Petrify                  Alch/Erth      0%         N/A       99%         4
 Alistair's Intoxication  Alch           0%         N/A       100%        5
 Curse of Agony           Necr           0%         N/A       100%        5
 Metabolic Englaciation   Hex/Ice        0%         N/A       100%        5
 Silence                  Hex/Air        0%         N/A       100%        5
 Starburst                Conj/Fire      0%         6d3       100%        6
 Maxwell's Capacitive Co  Air            0%         ∞         100%        8
 Summon Small Mammal      Summ           Unusable   N/A       N/A         1

Dungeon Overview and Level Annotations

Branches:
Dungeon (6/15)            Ossuary (visited)
 Temple: D:4-7

Altars:
Cheibriados
Gozag
Okawaru

Annotations:
D:4 2 transporters, Syis's ghost, amateur DECj


Innate Abilities, Weirdness & Mutations

You are a tree.
Your roots penetrate the ground, keeping you stationary.
You cannot be teleported.
You are immune to unholy pain and torment.
Your maximum health is greatly increased.
Your equipment is partially melded.
((You have a pair of horns on your head.))
((You reflexively headbutt those who attack you in melee.))


Message History

You block the killer bee's attack. The killer bee barely misses you.
You closely miss the killer bee.
The killer bee is severely wounded.
You feel very sick. You block the killer bee's attack.
The killer bee barely misses you.
The killer bee stings you but does no damage.
You block the killer bee's attack. The killer bee stings you.
* * * LOW HITPOINT WARNING * * *
You are lethally poisoned!
The killer bee poisons you!
The killer bee stings you but does no damage.
It was a potion of lignification.
You turn into a tree.
Your +0 cloak melds into your body.
Your +0 pair of gloves melds into your body.
Your +2 pair of boots melds into your body.
Your +0 chain mail melds into your body.
Your roots penetrate the ground.
You feel very sick. The killer bee barely misses you.
The killer bee stings you but does no damage. x4
The killer bee stings you.
* * * LOW HITPOINT WARNING * * *
It was a potion of brilliance.
You feel clever all of a sudden.
* * * LOW HITPOINT WARNING * * *
You feel very sick. You block the killer bee's attack.
The killer bee stings you but does no damage. x2
The killer bee stings you.
* * * LOW HITPOINT WARNING * * *
The killer bee stings you.
* * * LOW HITPOINT WARNING * * *
The killer bee stings you but does no damage.
It was a potion of enlightenment.
Your roots keep you in place.
* * * LOW HITPOINT WARNING * * *
You feel very sick. The killer bee stings you.
* * * LOW HITPOINT WARNING * * *
The killer bee stings you!
You die...

##.##...#
...#...#
#[.#.$.####
##.....(...##
...........
....... #...#
#.y.# #oy♣#
.....#y##
.###.#{# #
.o# ...#
....# ###..#
...


You could see 3 killer bees and 2 orcs.

Vanquished Creatures
  A water moccasin (D:5)
  An ice beast (D:5)
  A weeping skull (Ossuary)
  An elf zombie (Ossuary)
  A scorpion (D:4)
  2 killer bees (D:6)
  2 howler monkeys
  A bombardier beetle (D:5)
  3 centaur zombies (Ossuary)
  3 hounds
  A human zombie (Ossuary)
  An orc priest (D:4)
  A jelly (D:5)
  4 iguanas
  2 crocodile zombies (Ossuary)
  A hound zombie (Ossuary)
  4 mummies
  12 gnolls
  10 adders
  A white imp (D:5)
  5 adder zombies (Ossuary)
  7 dart slugs
  A ribbon worm (D:3)
  19 orcs
  5 endoplasms
  5 giant cockroaches
  11 goblins
  6 hobgoblins
  15 jackals
  4 quokkas
  3 ball pythons
  3 ball python zombies (Ossuary)
  9 bats
  2 frilled lizards
  6 jackal zombies (Ossuary)
  7 kobolds
  6 kobold zombies (Ossuary)
  2 orc zombies (Ossuary)
  4 rats
173 creatures vanquished.

Notes
Turn   | Place    | Note
-------+----------+-------------------------------------------
     0 | D:1      | Peloso the Minotaur Fighter began the quest for the Orb.
     0 | D:1      | Reached XP level 1. HP: 19/19 MP: 0/0
   105 | D:1      | Reached XP level 2. HP: 27/27 MP: 1/1
   432 | D:1      | Reached XP level 3. HP: 33/33 MP: 2/2
   913 | D:2      | Reached skill level 3 in Long Blades
  1137 | D:2      | Reached XP level 4. HP: 40/40 MP: 3/3
  1487 | D:2      | Reached skill level 1 in Dodging
  1961 | D:3      | Reached skill level 4 in Long Blades
  1963 | D:3      | Reached XP level 5. HP: 47/47 MP: 4/4
  2494 | D:3      | Reached skill level 5 in Armour
  2506 | D:3      | Reached XP level 6. HP: 40/53 MP: 5/5
  2618 | D:3      | Found a snail-covered altar of Cheibriados.
  2936 | D:3      | Reached skill level 5 in Long Blades
  3179 | D:4      | Found a transporter.
  3179 | D:4      | Noticed Syis's ghost (amateur DECj)
  3207 | D:4      | Found a transporter.
  3458 | D:4      | Found an opulent altar of Gozag.
  3474 | D:4      | Reached XP level 7. HP: 46/60 MP: 6/6
  3563 | D:4      | Reached skill level 6 in Long Blades
  3741 | D:5      | Entered Level 5 of the Dungeon
  3906 | D:5      | Reached skill level 5 in Fighting
  3911 | D:5      | Found an iron altar of Okawaru.
  3918 | D:5      | Became a worshipper of Warmaster Okawaru
  4070 | D:5      | Found a sand-covered staircase.
  4079 | Ossuary  | Entered an ossuary
  4152 | Ossuary  | Reached skill level 1 in Stealth
  4179 | Ossuary  | Reached skill level 7 in Long Blades
  4183 | Ossuary  | Reached XP level 8. HP: 65/69 MP: 7/7
  4201 | Ossuary  | Reached skill level 5 in Shields
  4336 | Ossuary  | Reached * piety under Okawaru
  4442 | Ossuary  | Identified a scroll of acquirement
  4716 | D:5      | Reached skill level 8 in Long Blades
  4989 | D:6      | HP: 3/105 [killer bee (3)]
  4989 | D:6      | Slain by a killer bee

Illustrated notes

Levels and vault maps discovered:
D:1:      sevenhm_arrival_forest_fort_small_6, layout_basic
D:2:      layout_basic
D:3:      lemuel_castle_with_subvaults [lemuel_castle_interior_carwin_1],
          layout_basic, cheibriados_altar_1
D:4:      layout_loops_ring, nicolae_gozag_seed_capital, gammafunk_ghost_arena,
          serial_park_tiny_2, hangedman_abyss_or_decor_lesser_grid
D:5:      layout_loops_cross, okawaru_metal_pillars_1_2,
          gup_ossuary_entry_pyramid, kennysheep_generic_room_5
D:6:      layout_loops_ring, gup_sewer_entry_bowl, uniq_edmund

Skill      XL: |  1  2  3  4  5  6  7  8 |
---------------+-------------------------+-----
Armour         | 4 5 6 7 |  7.1
Fighting       | 4 5 |  5.9
Shields        | 4 5 |  5.5
Long Blades    | 3 4 5 7 8 |  8.4
Dodging        | 1 2 3 |  3.2
Stealth        | 1 |  1.1

Action                     |  1- 3 |  4- 6 |  7- 9 || total
---------------------------+-------+-------+-------++-------
  Melee: Long sword        |   101 |   222 |   209 ||   532
         Headbutt          |    15 |    37 |    44 ||    96
    Use: Scroll            |     1 |     2 |     2 ||     5
         Potion            |       |       |     4 ||     4
 Armour: Scale mail        |    92 |    72 |       ||   164
         Chain mail        |       |   146 |   224 ||   370
         Skin              |       |       |    12 ||    12
  Dodge: Dodged            |    51 |   125 |   140 ||   316
  Block: Buckler           |    32 |    58 |    68 ||   158
